 Dungeon Crawl Stone Soup version 0.30-a0-715-gdb4ae3ece1 (webtiles) character file.

Game seed: 13690743518278985088

2298 bande the Chopper (level 9, -1/54 HPs)
             Began as a Gargoyle Fighter on Jan 23, 2023.
             Was a Believer of Okawaru.
             Slain by Joseph
             ... wielding a +0 quarterstaff
              (8 damage)
             ... on level 7 of the Dungeon.
             The game lasted 00:11:46 (6940 turns).

bande the Chopper (Gargoyle Fighter)                Turns: 6940, Time: 00:11:47

Health: -1/54      AC: 17    Str: 19    XL:     9   Next: 40%
Magic:  11/11      EV:  9    Int: 10    God:    Okawaru [**....]
Gold:   955        SH:  5    Dex: 13    Spells: 7/8 levels left

rFire   + . .      SeeInvis .    a - +1 war axe (flame)
rCold   . . .      Faith    .    c - +0 buckler
rNeg    + . .      Spirit   .    b - +0 scale mail
rPois   ∞          Reflect  .    o - +1 helmet
rElec   +          Harm     .    x - +0 cloak
rCorr   .          Rampage  .    (no gloves)
Will    .....                    (no boots) Stlth
                                 (no amulet)
HPRegen 0.29/turn                v - ring of protection from fire
MPRegen 0.12/turn                (no ring)

@: studying Shields
A: sickness immunity, AC +6, negative energy resistance 1, electricity
resistance, torment resistance 1, petrification resistance
a: Renounce Religion, Heroism


You were on level 7 of the Dungeon.
You worshipped Okawaru.
Okawaru was pleased with you.
You visited 2 branches of the dungeon, and saw 9 of its levels.

You collected 955 gold pieces.

Inventory:

Hand Weapons
 a - a +1 war axe of flaming (weapon)
 n - a +2 war axe of electrocution
 p - a +0 executioner's axe
Armour
 b - a +0 scale mail (worn)
 c - a +0 buckler (worn)
 o - a +1 helmet (worn)
 x - a +0 cloak (worn)
Jewellery
 v - a ring of protection from fire (left hand)
 w - an amulet of the acrobat
Wands
 s - a wand of mindburst (12)
 u - a wand of flame (16)
Scrolls
 e - 2 scrolls of amnesia
 m - a scroll of fog
 t - a scroll of blinking
 z - a scroll of enchant weapon
Potions
 d - 2 potions of might
 f - 5 potions of curing
 g - 3 potions of mutation
 h - a potion of attraction {unknown}
 i - 3 potions of haste
 j - a potion of cancellation
 k - a potion of invisibility {unknown}
 l - a potion of brilliance {unknown}
 q - 2 potions of lignification {unknown}
 r - 3 potions of flight {unknown}


   Skills:
 + Level 5.6 Fighting
 + Level 6.9 Axes
 + Level 6.4 Armour
 - Level 0.1 Stealth
 + Level 5.8 Shields
 * Level 4.3 Translocations
 * Level 3.9 Invocations


You had 7 spell levels left.
You knew the following spells:

 Your Spells              Type           Power      Damage    Failure   Level
a - Apportation           Tloc           16%        N/A       22%         1

Your spell library contained the following spells:

 Spells                   Type           Power      Damage    Failure   Level
 Blink                    Tloc           16%        N/A       34%         2
 Gell's Gravitas          Tloc           8%         N/A       56%         3
 Teleport Other           Tloc           8%         N/A       56%         3
 Necrotise                Necr           0%         1d4       78%         1
 Vhi's Electric Charge    Tloc/Air       8%         N/A       86%         3
 Manifold Assault         Tloc           8%         N/A       92%         4
 Arcjolt                  Conj/Air       0%         1d10      100%        5
 Dispersal                Tloc           4%         N/A       100%        6
 Storm Form               Tmut/Air       0%         N/A       100%        7
 Maxwell's Capacitive Co  Air            0%         ∞         100%        8
 Summon Small Mammal      Summ           Unusable   N/A       N/A         1

Dungeon Overview and Level Annotations

Branches:
Dungeon (8/15)             Temple (1/1) D:5
   Lair: D:8-11

Altars:
Cheibriados
Fedhas
Gozag
Hepliaklqana
Kikubaaqudgha
Nemelex Xobeh
Okawaru
Ru
Sif Muna
Trog
Uskayaw
Vehumet
Wu Jian
Xom
Zin

Shops:
D:5 *

Annotations:
D:7 Joseph
D:8 Pikel


Innate Abilities, Weirdness & Mutations

You are immune to sickness and miasma.
Your stone body is resilient. (AC +6)
You are immune to poison.
You resist negative energy. (rN+)
You are resistant to electric shocks. (rElec)
You are resistant to unholy torment.
You are immune to petrification.


Message History

Joseph hits you but does no damage.
You hit Joseph. You burn Joseph.
Joseph is lightly wounded.
You block Joseph's attack.
You hit Joseph. You burn Joseph.
Joseph is lightly wounded.
Joseph hits you with a +0 quarterstaff!
You closely miss Joseph.
Joseph is lightly wounded.
Joseph hits you with a +0 quarterstaff. Joseph says, "I'm happy to see you.
And I'll be happy to kill you." Joseph hits you but does no damage.
You slash Joseph! You burn Joseph.
Joseph is moderately wounded.
You block Joseph's attack.
You closely miss Joseph.
Joseph is moderately wounded.
Joseph completely misses you.
You hit Joseph. You burn Joseph.
Joseph is moderately wounded.
Joseph hits you but does no damage.
You hit Joseph. You burn Joseph.
Joseph is heavily wounded.
Joseph hits you with a +0 quarterstaff!
You are too injured to fight recklessly!
You are too injured to fight recklessly!
You are too injured to fight recklessly!
You are too injured to fight recklessly!
You are too injured to fight recklessly!
You are too injured to fight recklessly!
You are too injured to fight recklessly!
You are too injured to fight recklessly!
You hit Joseph. You burn Joseph.
Joseph is heavily wounded.
Joseph hits you with a +0 quarterstaff!
* * * LOW HITPOINT WARNING * * *
You slash Joseph! You burn Joseph.
Joseph is severely wounded.
Joseph hits you with a +0 quarterstaff!
You die...

♣P.P.♣ ♣...♣♣ #### ######
♣♣.♣♣ ##..###....# ♣.♣♣
#........... ♣♣.♣
#........... ♣.♣♣
#........... ♣♣.♣
#############...###...# ##)##
###.##.##....##...###...#
#...#
#.......@).........#.....
#...#
#......).@.........+~....
#..)#
#..................#.....
#####
###.##<..##..##..#..#....
##.########'##..########
##########........#.......#
#........'........#.......#
'........#........#.......##
#......>.##......##........##


You could see Joseph.

Vanquished Creatures
  A wraith (D:7)
  Eustachio (D:5)
  A steam dragon (D:6)
  A water moccasin (D:5)
  2 ice beasts (D:6)
  A sky beast (D:7)
  A black bear (D:6)
  A centaur (D:5)
  An ogre (D:5)
  3 phantoms
  4 lemures (D:7)
  2 bullfrogs
  A scorpion (D:4)
  3 wights (D:7)
  5 orc priests
  2 hounds
  Crazy Yiuf (D:7)
  6 orc wizards
  2 iguanas
  Ijyb (D:4)
  8 adders
  2 shadow imps
  2 ufetubi (D:4)
  5 worms
  3 dart slugs
  15 orcs
  7 ball pythons
  4 bats
  8 endoplasms
  2 giant cockroaches
  5 goblins
  7 hobgoblins
  8 jackals
  4 kobolds
  5 quokkas
  4 frilled lizards
  4 rats
133 creatures vanquished.

Vanquished Creatures (others)
  4 plants (D:1)
4 creatures vanquished.

Grand Total: 137 creatures vanquished

Notes
Turn   | Place    | Note
-------+----------+-------------------------------------------
     0 | D:1      | bande the Gargoyle Fighter began the quest for the Orb.
     0 | D:1      | Reached XP level 1. HP: 14/14 MP: 1/1
    49 | D:1      | Reached XP level 2. HP: 19/19 MP: 2/2
   197 | D:1      | Found a faded altar of an unknown god.
   344 | D:1      | Reached XP level 3. HP: 22/24 MP: 3/3
   360 | D:1      | Learned a level 1 spell: Apportation
   970 | D:2      | Reached XP level 4. HP: 29/29 MP: 4/4
  1435 | D:3      | Reached skill level 1 in Translocations
  1570 | D:3      | Reached XP level 5. HP: 32/33 MP: 5/5
  2157 | D:4      | Noticed a phantom
  2163 | D:4      | Killed a phantom
  2291 | D:4      | Noticed Ijyb
  2319 | D:4      | Killed Ijyb
  2320 | D:4      | Reached XP level 6. HP: 33/38 MP: 6/6
  2495 | D:4      | Identified 2 scrolls of acquirement
  2495 | D:4      | Acquired 561 gold pieces
  3045 | D:5      | Entered Level 5 of the Dungeon
  3060 | D:5      | Acquired a manual of Shields
  3072 | D:5      | Reached XP level 7. HP: 41/44 MP: 7/7
  3308 | D:5      | Found a staircase to the Ecumenical Temple.
  3330 | Temple   | Entered the Ecumenical Temple
  3441 | Temple   | Became a worshipper of Warmaster Okawaru
  3810 | D:5      | Reached skill level 5 in Axes
  3810 | D:5      | Reached skill level 1 in Invocations
  3866 | D:5      | Found a sacrificial altar of Ru.
  4001 | D:5      | Found Wun Cumu's General Store.
  4401 | D:5      | Reached skill level 5 in Armour
  4431 | D:5      | Reached XP level 8. HP: 48/48 MP: 9/9
  4533 | D:5      | Noticed Eustachio
  4547 | D:5      | Killed Eustachio
  4548 | D:5      | Reached skill level 5 in Shields
  4654 | D:6      | Reached * piety under Okawaru
  4997 | D:6      | Reached skill level 5 in Fighting
  5348 | D:6      | Found a sand-covered staircase.
  5831 | D:7      | Found a radiant altar of Vehumet.
  5863 | D:7      | Reached XP level 9. HP: 51/54 MP: 11/11
  5966 | D:7      | Reached ** piety under Okawaru
  6308 | D:7      | Found a runed translucent door.
  6309 | D:7      | Noticed Crazy Yiuf
  6539 | D:7      | Killed Crazy Yiuf
  6635 | D:8      | Noticed Joseph
  6635 | D:8      | Noticed Pikel
  6940 | D:7      | Slain by Joseph

Illustrated notes

Levels and vault maps discovered:
D:1:      lemuel_arrival_cross, layout_basic, hellmonk_ecumenical_altar_run_dry,
          serial_forest, infiniplex_forest_clump_double,
          infiniplex_forest_fountain, infiniplex_forest_end_2,
          infiniplex_forest_clump_diagonal, infiniplex_forest_lined_2,
          infiniplex_forest_straight_2, infiniplex_forest_lined_2,
          infiniplex_forest_corner_1
D:2:      layout_rooms
D:3:      layout_basic, minmay_misc_feat_more_columns
D:4:      layout_basic, kennysheep_nub, uniq_ijyb
D:5:      layout_layer_cave, lemuel_crystal_altar,
          minmay_temple_entry_antechambers, serial_shops, shop,
          kennysheep_flooded_box, hangedman_decor_diamond_cutter,
          ebering_dispersal_statue_hall, grunt_decor_arrowhead, uniq_eustachio
D:6:      layout_basic, nicolae_ossuary_entry_ruins
D:7:      layout_gridville, mainiacjoe_overflow_alcove_2,
          david_defended_altar_orc, uniq_crazy_yiuf_cottage
D:8:      layout_cave_pools, jmf_multi_god_temple, special_room
          [special_room_orc], lightli_church_of_beogh, uniq_joseph, uniq_pikel
Temple:   bh_familiar_temple

Skill      XL: |  1  2  3  4  5  6  7  8  9 |
---------------+----------------------------+-----
Axes           | 2 3 4 5 6 |  6.9
Translocations | 1 2 3 4 |  4.3
Fighting       | 4 5 |  5.6
Armour         | 4 5 6 |  6.4
Shields        | 4 5 |  5.8
Invocations    | 1 3 |  3.9
Stealth        | |  0.1

Action                     |  1- 3 |  4- 6 |  7- 9 || total
---------------------------+-------+-------+-------++-------
  Melee: War axe           |   116 |   170 |   238 ||   524
    Use: Scroll            |       |    11 |     8 ||    19
 Armour: Scale mail        |    77 |   108 |   137 ||   322
  Dodge: Dodged            |    54 |   107 |   118 ||   279
  Block: Buckler           |    34 |    39 |    70 ||   143

Table legend: (Time is in decaauts)
 A = Elapsed time spent in this place.
 B = Non-inter-level travel time spent in this place.
 C = Inter-level travel time spent in this place.
 D = Time resting spent in this place.
 E = Time spent auto-exploring this place.
 F = Levels seen in this place.
 G = Mean time per level.
                   A        B        C        D        E       F      G
               +--------+--------+--------+--------+--------+-----+--------+
         Total |   7126 |   7008 |    118 |    395 |   5042 |   9 |  791.8 |
       Dungeon |   6972 |   6875 |     97 |    395 |   4941 |   8 |  871.5 |
        Temple |    153 |    132 |     21 |      0 |    101 |   1 |  153.0 |
               +--------+--------+--------+--------+--------+-----+--------+

Top non-repeatable levels by time:
     D:5: 1452 daAuts
     D:7: 1252 daAuts
     D:6: 1094 daAuts
     D:1: 938 daAuts
     D:4: 929 daAuts
     D:3: 757 daAuts
     D:2: 532 daAuts
  Temple: 153 daAuts
     D:8: 15 daAuts
